 Dungeon Sprint DCSS version 0.30-a0-840-ga523dec638 (webtiles) character file.

Game seed: 14085538063289664687

367 dialectric the Basher (level 6, -1/41 HPs)
             Began as a Gargoyle Gladiator on Mar 1, 2023.
             Slain by a wyvern (9 damage)
             ... in the Dungeon (Sprint II: "The Violet Keep of Menkaure").
             The game lasted 00:01:49 (244 turns).

dialectric the Basher (Gargoyle Gladiator)           Turns: 244, Time: 00:01:50

Health: -1/41      AC:  9    Str: 19    XL:     6   Next: 69%
Magic:  6/6        EV: 12    Int:  9    God:
Gold:   453        SH:  0    Dex: 11    Spells: 5/5 levels left

rFire   . . .      SeeInvis .    a - +0 flail
rCold   . . .      Faith    .    (no shield)
rNeg    + . .      Spirit   .    b - +0 leather armour
rPois   ∞          Reflect  .    c - +0 helmet
rElec   +          Harm     .    (no cloak)
rCorr   .          Rampage  .    (no gloves)
Will    .....      NoTele   +    (no boots)
Stlth   +                        (no amulet)
HPRegen 0.26/turn                (no ring)
MPRegen 0.10/turn                (no ring)

@: no status effects
A: sickness immunity, AC +4, negative energy resistance 1, electricity
resistance, torment resistance 1, petrification resistance
a: no special abilities


You were in the Dungeon.
You visited 1 branch You collected 486 gold pieces.
You spent 33 gold pieces at shops.

Inventory:

Hand Weapons
 a - a +0 flail (weapon)
Missiles
 e - a javelin (quivered)
Armour
 b - a +0 leather armour (worn)
 c - a +0 helmet (worn)
Scrolls
 k - a scroll of blinking
Potions
 g - a potion of flight
 h - a potion of haste
 i - 2 potions of magic


   Skills:
 + Level 6.0 Fighting
 + Level 10.0 Maces & Flails
 - Level 1.7 Throwing
 * Level 8.0 Armour
 - Level 4.3 Dodging


You had 5 spell levels left.
You didn't know any spells.
Your spell library was empty.

Dungeon Overview and Level Annotations

Branches:
Dungeon (1/1)

Altars:

Shops:
D !!::=[[([=:*=??

Annotations:
D exclusion: oklob plant


Innate Abilities, Weirdness & Mutations

You are immune to sickness and miasma.
Your stone body is resilient. (AC +4)
You are immune to poison.
You resist negative energy. (rN+)
You are resistant to electric shocks. (rElec)
You are resistant to unholy torment.
You are immune to petrification.


Message History

Thank you for shopping at Bubunaa's Distillery!
There is an entrance to Uxal's Jewellery Shoppe here.
There is an entrance to Ryhiqaps's Magic Scroll Emporium here.
There is an open door here.
You enter the shallow water.
Moving in this stuff is going to be slow.
There is an open door here.
You open the door.
There is an open door here.
A wyvern is nearby!
The wyvern hisses angrily.
The wyvern closely misses you. The wyvern closely misses you.
There is an open door here.
You completely miss the wyvern.
The wyvern bites you but does no damage.
You barely miss the wyvern.
The wyvern bites you but does no damage.
You closely miss the wyvern. The wyvern barely misses you.
The wyvern bites you but does no damage.
You hit the wyvern but do no damage.
The wyvern bites you but does no damage.
You closely miss the wyvern. The wyvern bites you.
You hit the wyvern but do no damage. The wyvern bites you! x2
Throw: throwing net
Press: ? - help, Q - select action, (/) - cycle Shift-Dir - straight line, f/p - wyvern
Aim: a wyvern (59% to hit)
You throw a throwing net.
The throwing net closely misses the wyvern.
The throwing net barely misses the wyvern.
The wyvern bites you!
* * * LOW HITPOINT WARNING * * *
You feel better. The wyvern bites you.
* * * LOW HITPOINT WARNING * * *
The wyvern barely misses you.
You hit the wyvern but do no damage. The wyvern misses you.
You sock the wyvern!
The wyvern is heavily wounded.
The wyvern bites you!
You die...

############~~#++
###########~~~...
##........#~~~~.## ##
##....⌠...#~~~~##$ .##
##...∩.∩..#~~~~#.. ○B
##..∩.∩...#~~### B#. ###
##.∩.∩.∩.∩#~##.###+###.#
##∩.∩...∩.#~#..÷##.##.###
##.∩.....∩'~'.##@ll.(##.+
##∩.......#~#...##.##...#
#▓▓▓▓▓▓▓###~##.###(###.##
##lYY######~~### .#$ ###
#(lY#l$ ##~~~ .# #.
#∩Pl+$.#+ +#~## ##
#)$.#?##. ~~# #$..###..
~~ ##+###.°. ++


You could see 2 wyverns.

Vanquished Creatures
  Menkaure (D)
  4 necrophages (D)
  3 worms (D)
8 creatures vanquished.

Vanquished Creatures (others)
  A water moccasin (D)
1 creature vanquished.

Grand Total: 9 creatures vanquished

Notes
Turn   | Place    | Note
-------+----------+-------------------------------------------
     0 | D        | dialectric the Gargoyle Gladiator began the quest for the
                  | Orb.
     0 | D        | Reached XP level 1. HP: 12/12 MP: 1/1
     1 | D        | Noticed a necrophage
     1 | D        | Noticed a necrophage
     1 | D        | Noticed a necrophage
     1 | D        | Noticed a necrophage
     5 | D        | Killed a necrophage
     6 | D        | Reached skill level 5 in Maces & Flails
     6 | D        | Reached XP level 2. HP: 19/19 MP: 2/2
     6 | D        | Reached XP level 3. HP: 23/23 MP: 3/3
     6 | D        | Reached XP level 4. HP: 28/28 MP: 4/4
     8 | D        | Killed a necrophage
     9 | D        | Reached skill level 6 in Maces & Flails
     9 | D        | Reached skill level 5 in Armour
     9 | D        | Reached XP level 5. HP: 33/33 MP: 5/5
    19 | D        | Reached skill level 7 in Maces & Flails
    21 | D        | Reached skill level 5 in Fighting
    21 | D        | Reached skill level 8 in Maces & Flails
    21 | D        | Reached XP level 6. HP: 28/40 MP: 6/6
    43 | D        | Noticed a boulder beetle
    43 | D        | Noticed a boulder beetle
    80 | D        | Noticed a wyvern
    80 | D        | Noticed a wyvern
    90 | D        | Found Jinn's Jewellery Shoppe.
    90 | D        | Found Cocuw's Magic Scroll Shoppe.
    90 | D        | Found Xettiali's General Store.
    90 | D        | Found Maquedgh's Jewellery Shoppe.
    90 | D        | Found Antuej's Book Shoppe.
    91 | D        | Found Oshegg's Antique Armour Shoppe.
    91 | D        | Found Iplejop's Antique Weapon Emporium.
    92 | D        | Found Pesurch's Antique Armour Shoppe.
    92 | D        | Found Zazxest's Antique Armour Emporium.
    92 | D        | Noticed a yak
    93 | D        | Found Ryhiqaps's Magic Scroll Emporium.
    93 | D        | Noticed a yak
    94 | D        | Found Uxal's Jewellery Shoppe.
    94 | D        | Found Cotzeoze's Book Emporium.
    94 | D        | Noticed Menkaure
    94 | D        | Noticed a yak
    94 | D        | Noticed an oklob plant
    95 | D        | Found Nusuopn's Distillery.
    95 | D        | Found Bubunaa's Distillery.
    95 | D        | Found Qacaesmo's Book Shoppe.
    95 | D        | Noticed a wyvern
    95 | D        | Noticed a wyvern
    95 | D        | Noticed a wyvern
   114 | D        | Killed Menkaure
   115 | D        | Reached skill level 10 in Maces & Flails
   115 | D        | Killed a water moccasin
   122 | D        | Noticed a wyvern
   212 | D        | Noticed a wyvern
   218 | D        | Bought a potion of flight for 33 gold pieces
   244 | D        | Slain by a wyvern

Illustrated notes

Levels and vault maps discovered:
D:        the_violet_keep_of_menkaure [sprint2_stairs_cluster_1,
          sprint2_shoproom, sprint2_temple, sprint2_basic_supplies,
          sprint2_obstacle_1, sprint2_obstacle_4, sprint2_obstacle_6,
          sprint2_obstacle_3, sprint2_obstacle_5, sprint2_timed_cluster_1,
          sprint2_smallroom_cluster_1, sprint2_smallroom_final_cluster_1,
          sprint2_transparent_cluster_1, sprint2_second_timed_cluster_1,
          sprint2_sniper_area_1, sprint2_heavy_combat_area_1,
          sprint2_mutation_trap_area_1, sprint2_forest_area_1,
          sprint2_light_combat_area_1, sprint2_behind_water_1,
          sprint2_near_end_vault_1]

Skill      XL: |  1  2  3  4  5  6 |
---------------+-------------------+-----
Fighting       | 3 4 5 6 |  6.0
Maces & Flails | 5 6 8 10 | 10.0
Armour         | 3 5 6 8 |  8.0
Dodging        | 4 |  4.3
Throwing       | |  1.7

Action                     |  1- 3 |  4- 6 || total
---------------------------+-------+-------++-------
  Melee: Flail             |     3 |    51 ||    54
  Throw: Throwing net      |       |     3 ||     3
    Use: Potion            |     1 |     2 ||     3
 Armour: Leather armour    |       |    14 ||    14
  Dodge: Dodged            |       |    14 ||    14

Table legend: (Time is in decaauts)
 A = Elapsed time spent in this place.
 B = Non-inter-level travel time spent in this place.
 C = Inter-level travel time spent in this place.
 D = Time resting spent in this place.
 E = Time spent auto-exploring this place.
 F = Levels seen in this place.
 G = Mean time per level.
                   A        B        C        D        E       F      G
               +--------+--------+--------+--------+--------+-----+--------+
         Total |    250 |    250 |      0 |     28 |    110 |   1 |  250.0 |
       Dungeon |    250 |    250 |      0 |     28 |    110 |   1 |  250.0 |
               +--------+--------+--------+--------+--------+-----+--------+

Top non-repeatable levels by time:
       D: 250 daAuts
